 Dungeon Crawl Stone Soup version 0.26.1 (webtiles) character file.

Game seed: 5451110155541335245

54 swilekon the Stinger (level 3, 0/21 HPs)
             Began as an Octopode Venom Mage on Feb 4, 2021.
             Slain by an adder (1 damage)
             ... on level 2 of the Dungeon.
             The game lasted 00:04:06 (2176 turns).

swilekon the Stinger (Octopode Venom Mage)          Turns: 2176, Time: 00:04:07

Health: 0/21       AC:  1    Str:  7    XL:     3   Next: 91%
Magic:  3/6        EV: 13    Int: 18    God:
Gold:   58         SH:  0    Dex: 12    Spells: 5/6 levels left

rFire    . . .     SeeInvis .   b - +0 dagger
rCold    . . .     Faith    .   (no shield)
rNeg     . . .     Spirit   .   (helmet restricted)
rPois    .         Reflect  .   (no amulet)
rElec    .         Harm     .   l - ring of stealth
rCorr    .         Rampage  .   (no ring)
Will     .....                  (no ring)
Stlth    ++++......             (no ring)
HPRegen  0.07/turn              (no ring)
MPRegen  0.10/turn              (no ring)
                                (no ring)
                                (no ring)

@: mighty, lethally poisoned (0 -> -19)
A: almost no armour, stealthy swim, amphibious, 8 rings, constrict 8, camouflage
1, gelatinous body 1
a: no special abilities


You were on level 2 of the Dungeon.
You visited 1 branch of the dungeon, and saw 2 of its levels.

You collected 58 gold pieces.

Inventory:

Hand Weapons
 b - a +0 dagger (weapon)
Jewellery
 l - a ring of stealth (left tentacle)
Scrolls
 a - 2 scrolls of blinking {unknown}
 c - a scroll of enchant armour {unknown}
 d - 2 scrolls of identify {unknown}
 f - a scroll of fog {unknown}
 g - 2 scrolls of teleportation {unknown}
 j - a scroll of immolation {unknown}
Potions
 e - a potion of cancellation
 h - a potion of might
 i - a potion of haste {unknown}
 k - a potion of curing {unknown}


   Skills:
 + Level 2.4 Dodging
 + Level 3.4 Stealth
 + Level 2.3 Spellcasting
 + Level 1.6 Transmutations
 * Level 4.3 Poison Magic


You had 5 spell levels left.
You knew the following spells:

 Your Spells              Type           Power        Failure   Level
a - Sting                 Tmut/Pois      48%          4%          1

Your spell library contained the following spells:

 Spells                   Type           Power        Failure   Level
 Poisonous Vapours        Pois/Air       18%          11%         2
 Ignite Poison            Fire/Tmut/Pois 9%           22%         3
 Mephitic Cloud           Conj/Pois/Air  7%           28%         3
 Olgreb's Toxic Radiance  Pois           17%          28%         4


Dungeon Overview and Level Annotations

Branches:
Dungeon (2/15)

Altars:
Cheibriados
Kikubaaqudgha
Sif Muna


Innate Abilities, Weirdness & Mutations

You cannot wear most types of armour.
You are very stealthy in the water. (Stealth+)
You are amphibious.
You can wear up to eight rings at the same time.
You can use your tentacles to constrict eight enemies at once.
Your skin changes colour to match your surroundings (Stealth+).
Your rubbery body absorbs attacks. (AC +1, EV +1)


Message History

You are more poisoned.
The adder poisons you!
You feel sick.
You feel sick. The bat barely misses you. The adder bites you.
You are more poisoned.
The adder poisons you!
* * * LOW HITPOINT WARNING * * *
You feel sick.
Unknown command.
* * * LOW HITPOINT WARNING * * *
You feel sick. The adder closely misses you.
It was a potion of cancellation.
You feel magically purged.
* * * LOW HITPOINT WARNING * * *
You feel sick. The adder barely misses you.
It was a potion of might.
You feel very mighty all of a sudden.
* * * LOW HITPOINT WARNING * * *
You feel sick.
The adder looks more healthy.
The leopard gecko misses you. The adder bites you.
You die...

#..≈≈≈...#
#..≈≈≈...##
##..≈≈≈....#
#...≈≈...⌠..
#...........
#...###.#.##
##b####...
#Sl....##
###########@.#.....
#............>.####
#.#########..###
#.#.............
#.#.#######..####
#...# #.... ##..#
######.####### #..#
#....<.......#
#..###.####.#####.#


You could see an adder, a leopard gecko and a bat.

Vanquished Creatures
  3 worms (D:2)
  2 dart slugs (D:1)
  A leopard gecko (D:2)
  5 bats (D:1)
  5 giant cockroaches
  5 goblins
  5 hobgoblins
  5 frilled lizards
  5 kobolds (D:1)
  A rat (D:1)
37 creatures vanquished.

Notes
Turn   | Place    | Note
-------+----------+-------------------------------------------
     0 | D:1      | swilekon the Octopode Venom Mage began the quest for the
                  | Orb.
     0 | D:1      | Reached XP level 1. HP: 11/11 MP: 3/3
   246 | D:1      | Reached XP level 2. HP: 17/17 MP: 0/5
   477 | D:1      | Reached skill level 4 in Poison Magic
   811 | D:1      | Reached XP level 3. HP: 21/21 MP: 1/6
  2047 | D:2      | Found a shimmering blue altar of Sif Muna.
  2097 | D:2      | Found a snail-covered altar of Cheibriados.
  2165 | D:2      | Found an ancient bone altar of Kikubaaqudgha.
  2176 | D:2      | HP: 1/21 [poisoned by an adder]
  2176 | D:2      | Slain by an adder

Illustrated notes

Levels and vault maps discovered:
D:1:      lightli_arrival_flooded_house, layout_basic, nrook_mini_vaults
D:2:      layout_loops_ring, cheibriados_altar_1, kiku_gazebo_pond_becter,
          led_sif_pool, due_unseen_surprise

Skill      XL: |  1  2 |
---------------+-------+-----
Stealth        | 3 |  3.4
Poison Magic   | 4 |  4.3
Dodging        | |  2.4
Spellcasting   | |  2.3
Transmutations | |  1.6

Action                   || total
-------------------------++-------
Melee: Unarmed           ||     7
       Dagger            ||    23
       Constrict         ||     8
       Tentacles         ||     2
 Cast: Sting             ||    48
  Use: Potion            ||     2
 Stab: Sleeping          ||     8
Armor: Skin              ||     5
Dodge: Dodged            ||    30
